Map: Blackburn LE

Players

IWantoBeliev - Winner!

  • Race: Terran Terran
  • League: Gold

Sizgil

  • Race: Protoss Protoss
  • League: Gold

VOD

Have the link to the VOD?

Description

Time

  • Played on: Sept. 12, 2021, 12:02 a.m.
  • Length: 22:45
Show
View Real Time Build Order
Export as new Build Order

IWantoBeliev Terran - Winner!

Build Orders:  

Get SALT Encoding   

  12  0:01  SCV  
  13  0:14  SCV  
  14  0:19  Supply Depot  
  14  0:26  SCV  
  15  0:40  SCV  
  16  0:43  Barracks  
  16  0:52  Supply Depot  
  16  0:53  SCV  
  17  1:05  SCV  
  18  1:17  SCV  
  19  1:30  Command Center  
  19  1:31  Marine  
  20  1:38  Refinery  
  20  1:45  Orbital Command  
  20  1:51  Refinery  
  20  1:52  Marine  
  21  2:12  SCV  
  21  2:15  Marine  
  23  2:24  SCV  
  24  2:32  Marine  
  24  2:36  SCV  
  26  2:43  Orbital Command  
  26  2:44  Bunker  
  26  2:49  SCV  
  26  2:50  Marine  
  28  3:01  SCV  
  29  3:11  SCV  
  30  3:13  SCV  
  31  3:20  Supply Depot  
  31  3:23  SCV  
  31  3:25  SCV  
  33  3:30  Factory  
  33  3:35  SCV  
  33  3:36  Barracks Tech Lab  
  33  3:37  SCV  
  33  3:40  Barracks x2  
  35  3:42  Supply Depot  
  35  3:47  SCV  
  36  3:49  SCV  
  36  3:52  Engineering Bay  
  37  3:59  SCV  
  37  4:01  SCV  
  39  4:08  Supply Depot, Stimpack  
  39  4:11  SCV  
  39  4:12  Marine  
  39  4:13  SCV  
  39  4:15  Factory Tech Lab  
  42  4:19  Starport  
  42  4:23  SCV  
  43  4:26  Barracks  
  43  4:31  Marine x3  
  46  4:45  SCV  
  46  4:46  SCV, Bunker  
  46  4:49  Marine x2  
  46  4:50  Supply Depot  
  50  4:55  Marine  
  50  4:56  Refinery  
  50  4:57  SCV  
  52  5:07  Marine x2  
  52  5:13  Supply Depot, SCV, Marine  
  56  5:16  SCV  
  56  5:20  Marine  
  58  5:23  Medivac  
  58  5:24  Marine x2  
  58  5:25  SCV  
  58  5:28  SCV  
  64  5:31  Marine  
  64  5:32  Supply Depot  
  65  5:36  Supply Depot  
  65  5:37  SCV  
  65  5:42  Marine  
  66  5:43  Marine x2  
  66  5:47  Siege Tank  
  66  5:48  Combat Shield  
  72  5:50  Marine  
  66  6:08  SCV  
  66  6:09  SCV  
  68  6:11  Marine  
  68  6:12  Marine  
  68  6:17  Marine x2  
  72  6:21  SCV x2  
  74  6:29  Marine  
  74  6:30  Marine  
  68  6:33  SCV x2  
  68  6:35  Marine x2  
  72  6:47  Marine x2  
  72  6:53  Marine  
  75  7:05  SCV x2  
  75  7:06  Marine x3  
  75  7:08  Siege Tank  
  83  7:11  Marine  
  83  7:15  Viking  
  86  7:17  SCV x2  
  79  7:31  Marine x4  
  79  7:35  Command Center  
  83  7:42  Bunker  
  83  7:47  Supply Depot  
  83  7:49  Marine x4  
  87  7:52  SCV x2  
  87  7:54  Siege Tank  
  87  7:56  Medivac  
  94  8:04  SCV x2  
  96  8:06  Marine x2  
  96  8:07  Marine x2  
  100  8:16  SCV x2  
  100  8:17  Barracks  
  102  8:24  Marine x4  
  106  8:28  SCV x2  
  108  8:38  Medivac  
  110  8:47  SCV, Marine x4  
  113  8:52  Siege Tank  
  115  9:04  Marine x4  
  119  9:22  Marine x4  
  123  9:28  Barracks Reactor  
  123  9:32  Starport Reactor, Missile Turret  
  123  9:40  Marine x2  
  125  9:46  Marine  
  125  9:50  Siege Tank  
  125  10:08  Marine x4  
  119  10:15  SCV x2  
  121  10:25  Marine  
  121  10:27  SCV x2  
  124  10:32  Missile Turret  
  124  10:34  Marine  
  125  10:47  SCV, Siege Tank, Marine  
  125  10:48  Marine  
  125  10:50  SCV, Marine  
  125  10:55  Marine  
  123  10:59  SCV  
  123  11:01  Viking  
  123  11:03  SCV  
  125  11:12  Marine x3  
  125  11:13  Marine, Viking  
  125  11:15  SCV  
  125  11:18  SCV  
  120  11:22  SCV  
  121  11:27  SCV  
  121  11:30  SCV, Marine x2  
  125  11:40  Supply Depot  
  125  11:46  SCV x3, Marine x2  
  130  11:48  Marine x2  
  132  11:58  SCV  
  133  12:02  Supply Depot, SCV x2  
  135  12:10  SCV  
  135  12:29  SCV x3  
  138  12:32  Refinery  
  138  12:33  Marine x4  
  138  12:34  Siege Tank  
  138  12:35  Viking x2  
  149  12:38  Concussive Shells  
  149  12:54  Supply Depot, Barracks  
  149  12:56  Supply Depot x2  
  149  12:57  Barracks  
  149  13:15  SCV x3  
  149  13:16  Marauder  
  154  13:31  Barracks Tech Lab x3  
  154  13:32  Viking  
  154  13:33  Siege Tank, Viking  
  161  13:37  Marauder  
  160  14:17  SCV  
  160  14:18  SCV x2  
  100  14:39  Marine x3  
  100  14:40  Marine  
  100  14:41  Siege Tank  
  107  14:53  Viking x2  
  107  14:57  Marine  
  107  14:58  Marauder x3  
  107  14:59  Refinery  
  118  15:12  Barracks  
  115  15:14  Barracks  
  115  15:15  Marauder  
  115  15:19  Marauder x2, Marine  
  113  15:23  Viking x2  
  113  15:31  Missile Turret  
  113  15:36  Marine  
  113  15:39  Orbital Command  
  108  15:55  Missile Turret, Marine x2  
  108  15:56  Marine x2  
  112  15:59  Marine  
  112  16:13  Marine  
  112  16:14  Marauder x3  
  112  16:16  Supply Depot  
  112  16:17  Marine  
  120  16:21  Terran Infantry Weapons Level 1  
  120  16:31  Marine x2  
  122  16:35  Marine x4  
  126  16:46  Viking  
  128  16:49  Marine x2  
  128  16:52  Marine  
  128  16:53  Marine x2  
  133  16:55  Marine  
  133  16:58  Marine x2  
  133  16:59  Marine x2  
  138  17:07  Marine x2  
  140  17:10  Marine x2  
  140  17:11  Marine  
  140  17:13  Marine  
  140  17:15  Siege Tank  
  147  17:16  Marine x3  
  147  17:17  Marine  
  151  17:24  Marine x2  
  151  17:26  Orbital Command  
  151  17:27  Medivac  
  151  17:28  Marine x3  
  158  17:30  Marine  
  158  17:34  Marine x2  
  161  17:47  Marine x2  
  161  17:48  Marine  
  161  17:49  Marauder x4  
  172  17:52  Marine x2  
  159  18:21  Marine  
  159  18:22  Marine x8  
  159  18:23  Marine  
  167  18:39  Marine x3  
  167  18:40  Marine  
  156  19:00  Marine x3  
  156  19:01  Marine x7  
  154  19:18  Marine  
  115  19:33  Marine x4  
  115  19:34  Marine x5  
  124  19:38  Terran Infantry Armor Level 1  
  124  19:47  Marine  
  124  19:51  Marine x2  
  127  19:53  SCV  
  127  19:55  Marine x5  
  127  19:57  Marauder x2  
  137  20:05  SCV, Marine  
  139  20:09  Marine x2  
  139  20:13  Marine  
  142  20:17  SCV  
  136  20:29  SCV  
  137  20:40  Marine x2  
  137  20:41  SCV, Marine x8  
  148  20:59  Marauder  
  148  21:00  Marauder  
Show
View Real Time Build Order
Export as new Build Order

Sizgil Protoss 

Build Orders:  

Get SALT Encoding   

  12  0:01  Probe  
  13  0:22  Probe (Chrono Boost)  
  13  0:23  Pylon  
  14  0:34  Probe (Chrono Boost)  
  15  0:40  Probe (Chrono Boost)  
  16  0:44  Gateway  
  16  0:49  Probe  
  17  0:55  Assimilator  
  17  1:03  Gateway  
  17  1:08  Probe  
  18  1:20  Probe (Chrono Boost)  
  18  1:24  Pylon  
  19  1:38  Probe  
  20  1:42  Assimilator  
  20  1:46  Cybernetics Core  
  20  1:50  Probe  
  21  2:06  Probe (Chrono Boost)  
  23  2:16  Probe (Chrono Boost)  
  23  2:24  Robotics Facility  
  23  2:25  Warp Gate  
  23  2:31  Nexus  
  23  2:33  Probe  
  24  2:58  Probe  
  25  3:10  Probe  
  26  3:15  Warp Prism  
  28  3:23  Robotics Bay  
  28  3:25  Probe  
  29  3:30  Pylon  
  29  3:37  Probe  
  29  3:43  Probe  
  30  3:49  Probe  
  31  3:55  Probe  
  33  4:02  Probe  
  33  4:08  Probe  
  34  4:10  Disruptor (Chrono Boost)  
  34  4:12  Gravitic Drive  
  34  4:15  Probe  
  38  4:19  Assimilator  
  38  4:20  Probe  
  38  4:23  Assimilator  
  39  4:27  Probe  
  40  4:41  Probe x2  
  40  4:43  Disruptor (Chrono Boost)  
  45  4:46  Pylon  
  45  4:51  Pylon  
  45  4:53  Probe  
  45  4:54  Probe  
  45  4:56  Pylon  
  45  4:57  Stalker x2  
  51  5:09  Gateway x2  
  51  6:08  Colossus  
  51  6:10  Stalker x4  
  65  6:35  Stalker x4  
  65  6:36  Probe x2  
  75  6:41  Pylon  
  75  6:43  Pylon  
  63  6:48  Probe x2  
  63  6:52  Forge  
  56  7:06  Probe x2  
  58  7:18  Probe x2  
  54  7:25  Disruptor (Chrono Boost)  
  57  7:32  Probe x2 (Chrono Boost)  
  59  7:42  Probe x2 (Chrono Boost)  
  61  7:47  Probe x2 (Chrono Boost)  
  63  7:52  Nexus  
  63  7:55  Protoss Ground Weapons Level 1, Disruptor (Chrono Boost)  
  63  7:58  Probe x2  
  68  8:11  Probe x2  
  70  8:23  Probe x2  
  72  8:32  Colossus  
  78  8:35  Probe x2  
  78  8:38  Robotics Facility  
  78  8:41  Gateway  
  78  8:42  Gateway  
  78  8:44  Gateway  
  74  8:50  Probe x2  
  77  9:02  Probe  
  77  9:03  Probe  
  78  9:15  Probe x2  
  80  9:27  Probe  
  80  9:30  Twilight Council  
  81  10:18  Probe x3  
  84  10:25  Colossus  
  84  10:26  Stalker  
  84  10:27  Stalker x6  
  104  10:30  Probe x2  
  106  10:39  Probe  
  106  10:42  Probe x2  
  108  10:55  Colossus  
  100  11:29  Stalker x4  
  105  11:34  Pylon  
  105  11:35  Charge  
  105  11:38  Pylon  
  105  11:49  Disruptor (Chrono Boost)  
  106  12:20  Disruptor  
  104  12:24  Stalker x6  
  116  12:53  Pylon  
  116  12:55  Pylon  
  116  12:58  Pylon  
  116  13:31  Warp Prism  
  116  13:44  Dark Shrine  
  116  13:45  Blink  
  116  13:48  Zealot x5  
  124  13:53  Pylon x2  
  124  14:10  Zealot  
  124  14:11  Zealot x6  
  86  14:35  Zealot  
  86  14:36  Zealot x5  
  84  14:51  Robotics Bay  
  80  14:53  Cybernetics Core  
  80  14:57  Dark Templar  
  80  14:58  Dark Templar x5  
  92  15:00  Shadow Stride (Chrono Boost)  
  92  15:40  Disruptor  
  85  16:05  Disruptor  
  86  16:35  Nexus  
  86  16:41  Robotics Facility  
  86  16:45  Gateway, Warp Prism (Chrono Boost)  
  86  16:49  Pylon  
  86  16:51  Pylon  
  88  17:01  Stalker x3  
  90  17:02  Stalker x3  
  90  17:06  Probe x2  
  102  17:18  Probe x2  
  104  17:28  Stalker x2  
  104  17:29  Stalker x4  
  116  17:35  Probe x2  
  116  17:47  Probe x2  
  100  18:25  Colossus  
  104  18:30  Sentry x3  
  86  19:23  Zealot x3  
  72  19:38  Sentry x2  
  44  22:05  Sentry x2  
Tags
 
Add a new tag
Caveats
  • Supply blocks, unpowered buildings, or Contaminate may cause inaccurate times.
  • Supply counts are checked every 10 seconds.